 Dungeon Crawl Stone Soup version 0.27-b1-2-g8387495791 (webtiles) character file.

Game seed: 6937486218343676969

6515 Rallik the Thaumaturge (level 11, -1/76 HPs)
             Began as a Djinni Conjurer on July 26, 2021.
             Was a Follower of Makhleb.
             Shot with an arrow by a centaur warrior (24 damage)
             ... on level 8 of the Dungeon.
             The game lasted 00:23:14 (11067 turns).

Rallik the Thaumaturge (Djinni Conjurer)           Turns: 11067, Time: 00:23:15

Health: -1/76      AC:  4    Str:  6    XL:     11   Next: 20%
Gold:   187        EV: 14    Int: 22    God:    Makhleb [*.....] SH:  0 Dex: 13

rFire    + + .     SeeInvis .   F - +4 dagger (elec)
rCold    x . .     Faith    .   (no shield)
rNeg     . . .     Spirit   .   h - +0 robe {Will+}
rPois    ∞         Reflect  .   A - +1 helmet
rElec    .         Harm     .   (no cloak)
rCorr    +         Rampage  .   (no gloves)
Will     ++...                  (boots unavailable)
Stlth    ++........             (no amulet)
HPRegen  0.22/turn              p - ring of resist corrosion
MPRegen  0.00/turn              x - ring of wizardry

@: flying
A: sickness immunity, fire resistance 2, cold vulnerability 1, float, innate
caster, hp casting, extra vitality 1
a: Renounce Religion


You were on level 8 of the Dungeon.
You worshipped Makhleb.
Makhleb was aware of your devotion.
You visited 2 branches of the dungeon, and saw 9 of its levels.

You collected 403 gold pieces.
You spent 216 gold pieces at shops.

Inventory:

Hand Weapons
 a - a +0 quarterstaff
 F - a +4 dagger of electrocution (weapon)
Missiles
 o - 5 boomerangs of dispersal
 E - a throwing net
Armour
 h - a +0 robe of willpower (worn)
 A - a +1 helmet (worn)
Magical Staves
 s - a staff of air
Jewellery
 p - a ring of resist corrosion (left hand)
 x - a ring of wizardry (right hand)
Wands
 m - a wand of flame (21)
 C - a wand of digging (3)
Scrolls
 b - a scroll of silence
 c - 2 scrolls of enchant weapon {unknown}
 d - 4 scrolls of noise
 e - a scroll of immolation {unknown}
 f - 4 scrolls of enchant armour
 g - 2 scrolls of fog
 q - a scroll of blinking {unknown}
 r - 8 scrolls of teleportation
 w - 3 scrolls of magic mapping
 y - 2 scrolls of fear
 z - 2 scrolls of vulnerability {unknown}
 B - 2 scrolls of amnesia {unknown}
Potions
 i - a potion of heal wounds {unknown}
 j - a potion of lignification
 k - a potion of invisibility {unknown}
 l - 3 potions of curing {unknown}
 n - a potion of brilliance {unknown}
 u - 2 potions of attraction
 v - 2 potions of degeneration {unknown}
Miscellaneous
 t - a condenser vane


   Skills:
 * Level 6.0 Fighting
 + Level 6.0 Dodging
 - Level 1.5 Stealth
 - Level 11.3 Spellcasting


You had 4 spell levels left.
You knew the following spells:

 Your Spells              Type           Power      Damage    Failure   Level
a - Magic Dart            Conj           100%       1d8       1%          1
b - Searing Ray           Conj           100%       3d7       1%          2
c - Dazzling Flash        Conj/Hex       100%       N/A       1%          3
d - Fulminant Prism       Conj/Hex       29%        3d14      1%          4
e - Iskenderun's Mystic   Conj/Tloc      58%        2d12      1%          4
f - Pain                  Necr           100%       1d9       1%          1
g - Static Discharge      Conj/Air       58%        N/A       1%          2
h - Passwall              Tmut/Erth      48%        N/A       1%          2
i - Sticky Flame          Conj/Fire      58%        2d7       1%          4
j - Manifold Assault      Tloc           58%        N/A       1%          5
Your spell library was empty.

Dungeon Overview and Level Annotations

Branches:
Dungeon (8/15)             Temple (1/1) D:5
   Lair: D:8-11

Altars:
Ashenzari
Dithmenos
Elyvilon
Fedhas
Gozag
Kikubaaqudgha
Makhleb
Nemelex Xobeh
Okawaru
Qazlal
Ru
Trog
Uskayaw
Vehumet
Wu Jian
Xom
Yredelemnul
Zin
The Shining One

Shops:
D:4 ?


Innate Abilities, Weirdness & Mutations

You are immune to sickness and miasma.
You are immune to poison.
Your flesh is very heat resistant. (rF++)
You are vulnerable to cold. (rC-)
You float through the air rather than walking.
You learn spells naturally, not from books.
Your magical power is your life essence.
You have superior vitality. (+4 HP)


Message History

A fulminant prism comes into view.
The black bear goes berserk!
Something hits your fulminant prism. Something kicks your fulminant prism.
Something hits your fulminant prism! Something kicks your fulminant prism.
Your fulminant prism detonates feebly.
Casting: Fulminant Prism (safe; 1% risk of failure)
Confirm with . or Enter, or press ? or * to list all spells.
Aiming: Fulminant Prism (safe; 1% risk of failure)
Press: ? - help, Dir - move target, f - centaur warrior
Aim: a centaur warrior, quivering arrows
Okay, then.
The black bear rages.
The black bear barely misses you.
The black bear claws you but does no damage.
The black bear claws you.
The centaur warrior wields a +0 longbow.
The centaur warrior shoots an arrow.
The arrow hits you! The black bear bites you. The black bear claws you.
The black bear claws you but does no damage.
The black bear rages.
The black bear barely misses you. The black bear claws you.
The black bear claws you but does no damage.
Casting: Fulminant Prism (safe; 1% risk of failure)
Confirm with . or Enter, or press ? or * to list all spells.
You erupt in a blast of force!
The mystic blast hits the centaur warrior.
The centaur warrior is lightly wounded.
The centaur warrior is knocked back by the mystic blast.
The mystic blast hits the black bear.
You kill the black bear!
Makhleb accepts your kill.
You feel better.
The centaur warrior shoots an arrow.
The arrow closely misses you.
Training target 6.0 for Dodging reached!
Your Dodging skill increases to level 6!
You need to enable at least one skill for training.
The centaur warrior shoots an arrow.
The arrow hits you!
There is a stone staircase leading up here.
The centaur warrior shoots an arrow.
The arrow hits you!!
You die...

##........
#.........
#.#######.
#c# #.#
#.# #†#
#.####.#
#.)..@.#
########


You could see a centaur warrior.

Vanquished Creatures
  A two-headed ogre (D:4)
  An obsidian statue (D:7)
  A cyclops (D:7)
  The ghost of MelonSoda the Ruffian, an amateur TrBe of Trog (D:6)
  A troll (D:7)
  A shadow (D:6)
  Sigmund (D:2)
  Eustachio (D:4)
  5 humans (D:7)
  Menkaure (D:4)
  2 steam dragons
  2 water moccasins
  An orc warrior (D:7)
  4 sky beasts
  3 black bears
  2 ogres (D:6)
  The ghost of Ekaitz the Ducker, an amateur DjGl (D:3)
  2 centaurs (D:8)
  Blork the orc (D:5)
  2 scorpions (D:4)
  A gnoll sergeant (D:6)
  A wyvern skeleton (D:6)
  7 wights
  An electric eel (D:7)
  2 jellies
  2 centaur zombies
  A hound (D:5)
  2 bullfrog zombies (D:6)
  3 iron imps (D:6)
  2 orc priests
  A gnoll shaman (D:6)
  2 centaur skeletons (D:4)
  Jessica (D:3)
  2 iguanas
  9 orc wizards
  A howler monkey skeleton (D:5)
  8 gnolls (D:6)
  9 adders
  5 river rats (D:6)
  A shadow imp (D:6)
  2 white imps (D:5)
  An ufetubus (D:4)
  3 worms
  2 dart slugs
  26 orcs
  6 ball pythons
  3 endoplasms
  7 giant cockroaches
  15 hobgoblins
  12 jackals
  6 quokkas
  6 bats
  6 frilled lizards
  8 goblins
  5 kobolds
  7 rats
210 creatures vanquished.

Vanquished Creatures (others)
  51 fulminant prisms
  24 fungi (D:8)
  19 plants (D:8)
94 creatures vanquished.

Grand Total: 304 creatures vanquished

Notes
Turn   | Place    | Note
-------+----------+-------------------------------------------
     0 | D:1      | Rallik the Djinni Conjurer began the quest for the Orb.
     0 | D:1      | Reached XP level 1. HP: 15/15 MP: 0/0
   321 | D:1      | Reached XP level 2. HP: 19/21 MP: 0/0
  1029 | D:1      | Reached XP level 3. HP: 24/25 MP: 0/0
  1029 | D:1      | Learned a level 1 spell: Pain
  1484 | D:2      | Reached skill level 4 in Spellcasting
  1945 | D:2      | Reached XP level 4. HP: 15/31 MP: 0/0
  2386 | D:2      | Noticed Sigmund
  2391 | D:2      | Killed Sigmund
  2392 | D:2      | Reached skill level 5 in Spellcasting
  2392 | D:2      | Reached XP level 5. HP: 2/35 MP: 0/0
  2392 | D:2      | Learned a level 2 spell: Static Discharge
  2392 | D:2      | Reached XP level 6. HP: 2/40 MP: 0/0
  2972 | D:3      | Found a runed translucent gate.
  2973 | D:3      | Found a runed translucent gate.
  2973 | D:3      | Found a runed translucent gate.
  2973 | D:3      | Noticed Ekaitz's ghost (amateur DjGl)
  3115 | D:3      | Noticed Jessica
  3118 | D:3      | Killed Jessica
  4020 | D:3      | Killed Ekaitz's ghost
  4021 | D:3      | Reached skill level 6 in Spellcasting
  4021 | D:3      | Reached XP level 7. HP: 28/45 MP: 0/0
  4021 | D:3      | Learned a level 2 spell: Passwall
  4431 | D:4      | Noticed Eustachio
  4855 | D:4      | Reached skill level 7 in Spellcasting
  4914 | D:4      | Reached XP level 8. HP: 38/50 MP: 0/0
  5160 | D:4      | Found Owkutan's Magic Scroll Shoppe.
  5168 | D:4      | Bought a scroll of identify for 24 gold pieces
  5168 | D:4      | Bought a scroll of identify for 24 gold pieces
  5168 | D:4      | Bought a scroll of identify for 24 gold pieces
  5168 | D:4      | Bought a scroll of fog for 24 gold pieces
  5168 | D:4      | Bought a scroll of magic mapping for 42 gold pieces
  5168 | D:4      | Bought a scroll of teleportation for 36 gold pieces
  5235 | D:4      | Noticed a two-headed ogre
  5245 | D:4      | Killed a two-headed ogre
  5246 | D:4      | Reached skill level 8 in Spellcasting
  5246 | D:4      | Reached XP level 9. HP: 24/55 MP: 0/0
  5246 | D:4      | Learned a level 4 spell: Sticky Flame
  5247 | D:4      | Reached skill level 9 in Spellcasting
  5612 | D:4      | Found an ornate altar of the Wu Jian Council.
  5953 | D:4      | Noticed Menkaure
  5956 | D:4      | Killed Menkaure
  6021 | D:4      | Killed Eustachio
  6502 | D:4      | Bought a scroll of fear for 42 gold pieces
  6516 | D:5      | Entered Level 5 of the Dungeon
  6564 | D:5      | Noticed Blork the orc
  6570 | D:5      | Killed Blork the orc
  6582 | D:5      | Reached skill level 10 in Spellcasting
  7473 | D:5      | Found a staircase to the Ecumenical Temple.
  7687 | Temple   | Entered the Ecumenical Temple
  8031 | D:5      | Reached XP level 10. HP: 34/60 MP: 0/0
  8234 | D:6      | Found a runed translucent gate.
  8234 | D:6      | Found a runed translucent gate.
  8234 | D:6      | Found a runed translucent gate.
  8235 | D:6      | Noticed MelonSoda's ghost (amateur TrBe)
  8949 | D:6      | Found a burning altar of Makhleb.
  8962 | D:6      | Reached skill level 11 in Spellcasting
  8972 | D:6      | Became a worshipper of Makhleb the Destroyer
  9055 | D:6      | Killed MelonSoda's ghost
  9254 | D:7      | Reached skill level 1 in Fighting
 10104 | D:7      | Reached * piety under Makhleb
 10150 | D:7      | Noticed a cyclops
 10156 | D:7      | Killed a cyclops
 10157 | D:7      | Reached skill level 5 in Fighting
 10157 | D:7      | Reached XP level 11. HP: 67/75 MP: 0/0
 10157 | D:7      | Learned a level 5 spell: Manifold Assault
 10407 | D:7      | Noticed an obsidian statue
 10418 | D:7      | Noticed a soul eater
 10423 | D:7      | Killed an obsidian statue
 10424 | D:7      | Reached skill level 5 in Dodging
 11052 | D:8      | Noticed a centaur warrior
 11067 | D:8      | Shot with an arrow by a centaur warrior

Illustrated notes

Levels and vault maps discovered:
D:1:      dpeg_arrival_three_same_balls, layout_basic
D:2:      layout_basic, minmay_pentomino_v4, uniq_sigmund
D:3:      layout_basic, gammafunk_ghost_split, minmay_pentomino_pile,
          uniq_jessica
D:4:      cheibrodos_barr_body, layout_cave_pools, mainiacjoe_overflow_chevrons,
          serial_shops, shop, lightli_corner_chamber, uniq_menkaure,
          uniq_eustachio
D:5:      layout_loops_cross, minmay_temple_entry_from_below_a,
          uniq_blork_the_orc
D:6:      layout_rooms, demons_altar, gammafunk_ghost_split,
          lightli_sewer_entry_pipes, kennysheep_generic_room_14
D:7:      statuecave_lemuel, layout_loops_ring, st_stairs_12, minmay_ruffians
D:8:      layout_loops_ring, tgw_sif, due_lair_maze_entry_diamond,
          minmay_fountain_box, nicolae_blasting_shop, kb_rosetta
Temple:   minmay_crystal_spiral_temple

Skill      XL: |  1  2  3  4  5  6  7  8  9 10 11 |
---------------+----------------------------------+-----
Spellcasting   | 4 5 6 7 8 10 11 | 11.3
Fighting       | 5 6 |  6.0
Dodging        | 4 6 |  6.0
Stealth        | |  1.5

Action                   |  1- 3 |  4- 6 |  7- 9 | 10-12 || total
-------------------------+-------+-------+-------+-------++-------
Melee: Unarmed           |     5 |       |       |       ||     5
       Quarterstaff      |       |     8 |       |       ||     8
       Dagger            |       |       |     5 |    18 ||    23
 Cast: Magic Dart        |    82 |    14 |    36 |     2 ||   134
       Searing Ray       |     1 |    17 |    38 |    29 ||    85
       Pain              |       |     1 |       |       ||     1
       Iskenderun's Myst |       |       |     3 |     8 ||    11
       Fulminant Prism   |       |       |    23 |    28 ||    51
       Dazzling Flash    |       |       |     1 |       ||     1
       Passwall          |       |       |    16 |       ||    16
  Use: Scroll            |       |       |     4 |     1 ||     5
       Potion            |       |       |     1 |       ||     1
Armor: Robe              |     6 |     4 |     9 |    11 ||    30
       Skin              |       |       |     1 |       ||     1
Dodge: Dodged            |    14 |     9 |    42 |    45 ||   110
